 Dungeon Crawl Stone Soup version 0.18-a0-1426-g3b9a63c (webtiles) character file.

123 Motquri the Chucker (level 5, -4/41 HPs)
             Began as a Merfolk Hunter on Feb 27, 2016.
             Killed from afar by Tux's ghost (6 damage)
             ... with a magic dart
             ... on level 3 of the Dungeon.
             The game lasted 00:07:44 (2231 turns).

Motquri the Chucker (Merfolk Hunter)                Turns: 2231, Time: 00:07:44

Health: -4/41      AC:  2    Str: 13    XL:     5   Next: 7%
Magic:  5/5        EV: 13    Int: 11    God:
Gold:   150        SH:  0    Dex: 17    Spells: 0 memorised, 4 levels left

rFire  . . .     SeeInvis .     l - +0 spear
rCold  . . .     Gourm    .     (no armour)
rNeg   . . .     Faith    .     (no shield)
rPois  .         Spirit   .     (no helmet)
rElec  .         Dismiss  .     (no cloak)
rCorr  .         Reflect  .     (no gloves)
SustAt .         Harm     .     u - +1 pair of boots {Fly}
MR     .....                    (no amulet)
Stlth  ++........               (no ring)
                                r - +3 ring of dexterity

@: flying, not resistant to hostile enchantments, unstealthy
A: change form in water, swift swim
a: Stop Flying


You were on level 3 of the Dungeon.
You were not hungry.

You visited 1 branch of the dungeon, and saw 3 of its levels.

You collected 150 gold pieces.

Inventory:

Hand Weapons
 l - a +0 spear (weapon)
Missiles
 a - 25 arrows
 b - 4 needles of sleeping
 c - 3 javelins (quivered)
 d - 2 throwing nets
 g - 25 bolts
 h - 77 stones
 o - 13 poisoned needles
Armour
 i - a +0 leather armour
 t - a +0 ring mail
 u - a +1 pair of boots of flying (worn)
Jewellery
 r - a +3 ring of dexterity (left hand)
Wands
 s - a wand of iceblast (3/15)
Scrolls
 m - 7 scrolls of identify
 n - 3 scrolls of teleportation
 q - a scroll of remove curse
 v - a scroll of magic mapping
 x - a scroll of recharging {unknown}
Potions
 e - a potion of haste {unknown}
 k - a potion of curing {unknown}
 p - a potion of heal wounds {unknown}
 z - a potion of lignification {unknown}
Comestibles
 f - 2 bread rations
 j - a meat ration
 w - 3 chunks of flesh


   Skills:
 + Level 3.3 Fighting
   Level 1.0 Short Blades
 * Level 3.7 Polearms
 - Level 4.0 Throwing
 - Level 3.1 Dodging
 + Level 2.9 Stealth


You had 4 spell levels left.
You didn't know any spells.

Dungeon Overview and Level Annotations

Branches:
Dungeon (3/15)

Altars:
Dithmenos
Yredelemnul
The Shining One

Annotations:
D:3 Tux's ghost, amateur TeCj


Message History

You hit Tux's ghost.
Tux's ghost is moderately damaged.
Tux's ghost casts a spell at you. The magic dart hits you!
You barely miss Tux's ghost.
Tux's ghost is moderately damaged.
Tux's ghost hits you.
You miss Tux's ghost.
Tux's ghost is moderately damaged.
Tux's ghost points at you and mumbles some strange words.
The magic dart hits you!
* * * LOW HITPOINT WARNING * * *
Tux's ghost shouts, "What do you have that I didn't have?"
Tux's ghost casts a spell at you. The magic dart hits you!
* * * LOW HITPOINT WARNING * * *
Some of the chunks of flesh in your inventory have rotted away.
Tux's ghost points at you and mumbles some strange words.
The magic dart hits you!
You die...

#..####.###.# #.....# #... ####
.....#.###.###.#####.
#.#K#.##.......^....
#................>..
##.###.#.##...#..######
#######....<.......##..#
.(.#.#######.########..# #..#.#
#.# #..# #..#.# #@# #..# #..#.#
#.# #..#####
.####..#.#######.########..##..
.......#.......W...........##.#
#(.............##...#.#.###.##
....#..############...#.#.##...##
. #.. .......<...#.#........ ##.
..........##.####..)## ##
#########)##.......##


You could see Tux's ghost and a kobold (wandering).

Vanquished Creatures
  An orc priest (D:3)
  Jessica (D:2)
  A gnoll (D:1)
  2 worms (D:2)
  2 dart slugs (D:1)
  2 giant geckos
  2 orcs (D:3)
  2 giant cockroaches (D:1)
  3 goblins
  5 hobgoblins
  4 jackals (D:1)
  3 bats
  2 giant newts
  5 kobolds
  14 rats
49 creatures vanquished.

Notes
Turn   | Place    | Note
--------------------------------------------------------------
     0 | D:1      | Motquri the Merfolk Hunter began the quest for the Orb.
     0 | D:1      | Reached XP level 1. HP: 16/16 MP: 1/1
    49 | D:1      | Reached XP level 2. HP: 18/23 MP: 2/2
   163 | D:1      | Reached skill level 1 in Short Blades
   326 | D:1      | Reached XP level 3. HP: 28/28 MP: 3/3
   508 | D:1      | Reached skill level 1 in Polearms
   963 | D:2      | Noticed Jessica
   971 | D:2      | Killed Jessica
   971 | D:2      | Reached XP level 4. HP: 33/35 MP: 4/4
  1296 | D:2      | Found a glowing golden altar of the Shining One.
  1318 | D:2      | Found a basalt altar of Yredelemnul.
  1320 | D:2      | Noticed a profane servitor
  1580 | D:2      | Noticed an angel
  1626 | D:3      | Noticed Tux's ghost (amateur TeCj)
  1939 | D:3      | Reached XP level 5. HP: 32/41 MP: 5/5
  2153 | D:3      | Found a shadowy altar of Dithmenos.
  2229 | D:3      | HP: 2/41 [Tux's ghost/magic dart (11)]
  2231 | D:3      | Killed from afar by Tux's ghost

Vault maps used:
D:1:      eino_arrival_druids_welcome, minmay_fountain_box,
          hangedman_decor_lopped
D:2:      grunt_temple_overflow_holy_war, minmay_rat_gold_closets, uniq_jessica
D:3:      nicolae_ru_path_of_blood, nicolae_dithmenos_through_a_glass_darkly

Skill      XL: |  1  2  3  4 |
---------------+-------------+-----
Short Blades   | 1 |  1.0
Stealth        | 2 |  2.9
Dodging        | 3 |  3.1
Polearms       | 2 3 |  3.7
Fighting       | 3 |  3.3
Throwing       | |  4.0

Action                   |  1- 3 |  4- 6 || total
-------------------------+-------+-------++-------
Melee: Short sword       |     3 |       ||     3
       Spear             |    92 |   102 ||   194
Throw: Javelin           |    12 |     4 ||    16
       Throwing net      |     2 |       ||     2
  Use: Scroll            |       |     4 ||     4
 Stab: Sleeping          |     3 |    13 ||    16
       Distracted        |       |     1 ||     1
  Eat: Chunk             |       |     4 ||     4
